Cogmind - Beta 16 @@@ ROGUE MODE // 2026.01.05 @ 15:36:24 Player: PE-P51 Result: Destroyed by as-31657 with Assembled F-torch Performance ------------- Evolutions (0) 0 Regions Visited (0) 0 Robots Destroyed (0) 0 Value Destroyed (0) 0 Prototype IDs (0) 0 Alien Tech Used (0) 0 Bonus (0) 0 TOTAL SCORE: 0 Bonus ------- None Cogmind --------- Core Integrity 0/250 Matter 300/300 Energy 98/100 System Corruption 0% Temperature Cool (20) Movement Core (50) Location -11/Scrapyard Parts ------- > --- POWER (1) -------- (None) > --- PROPULSION (2) --- (None) > --- UTILITY (2) ------ (None) > --- WEAPON (2) ------- (None) > --- INVENTORY (5) ---- Ion Engine Wheel Compact Wheel Peak State ------------ > --- POWER ------------ Ion Engine > --- PROPULSION ------- Aluminum Leg Aluminum Leg > --- UTILITY ---------- Small Storage Unit > --- WEAPON ----------- Small Laser Light Assault Rifle > --- INVENTORY -------- Ion Engine Light Treads Light Treads Wheel Compact Wheel Assault Rifle [Rating: 6] Favorites ----------- Power Ion Engine Engine Ion Engine Propulsion Aluminum Leg Treads Light Treads Leg Aluminum Leg Utility Small Storage Unit Storage Small Storage Unit Weapon Light Assault Rifle Energy Gun Small Laser Ballistic Gun Light Assault Rifle Build | -11 ------- Run | Yrd Slots Evolved . | . Power . | . Propulsion . | . Utility . | . Weapon . | . Parts Attached 3 | 3 Power . | . Engine . | . Core . | . Reactor . | . Propulsion 2 | 2 Treads 2 | 2 Leg . | . Wheel . | . Hover . | . Flight . | . Utility . | . Device . | . Storage . | . Processor . | . Hackware . | . Protection . | . Artifact . | . Weapon 1 | 1 Energy Gun . | . Energy Cannon . | . Ballistic Gun 1 | 1 Ballistic Cannon . | . Launcher . | . Special Weapon . | . Impact Weapon . | . Slashing Weapon . | . Piercing Weapon . | . Special Melee Weapon . | . Unidentified Prototypes . | . Parts Lost 7 | 7 Power 1 | 1 Propulsion 3 | 3 Utility . | . Weapon 3 | 3 Highest Loss Streak 4 | 4 To Critical Strikes . | . Average Backups 5 | 5 Power 1 | 1 Propulsion 3 | 3 Utility . | . Weapon . | . Tool/Special . | . Unused Backups 9 | 9 Power 2 | 2 Propulsion 4 | 4 Utility 1 | 1 Weapon 2 | 2 Tool/Special . | . Average Slot Usage (%) . | . Peak Build Rating 6 | 6 Average Rating 5 | 5 On Entrance 6 | 6 Avg Prop Armor Cover (%) . | . Naked Turns . | . Heaviest Build 12 | 12 Greatest Support 40 | 40 Greatest Overweight (x) 1 | 1 Average Overweight (x) . | . Largest Inventory Capacity 8 | 8 Average Capacity 7 | 7 Most Carried 6 | 6 Average Carried 5 | 5 Final Capacity 5 | 5 Final Carried 3 | 3 Class Distribution -------------------- None Dominant Class ---------------- None Resources | -11 ----------- Run | Yrd Matter Collected 257 | 257 Remotely . | . Salvage Created 111 | 111 Parts . | . Haulers Intercepted . | . Recyclers Shooed . | . Parts Field Recycled . | . Retrieved Matter . | . Parts Self-Destructed . | . Prevented . | . Parts Restored . | . Kills | -11 ------- Run | Yrd Combat Hostiles Destroyed 7 | 7 Guns 7 | 7 Classes Destroyed 1 | 1 Assembled 7 | 7 Best Kill Streak 4 | 4 Combat Bots Only 4 | 4 Max Kills in Single Turn 1 | 1 Gunslinging . | . Exploded . | . Melee . | . Uniques/NPCs Destroyed . | . Combat | -11 -------- Run | Yrd Hostile Shots Fired 104 | 104 Missed 23 | 23 Hits 81 | 81 Melee 8 | 8 Projectile 73 | 73 Part Disruptions 1 | 1 Damage Taken 1165 | 1165 Core 251 | 251 Absorbed by Shields . | . Core Remaining (%) . | . Volleys Fired 34 | 34 Largest 2 | 2 Hottest 60 | 60 Shots Fired 52 | 52 Gun 52 | 52 Cannon . | . Launcher . | . Special . | . Kinetic 40 | 40 Thermal 12 | 12 Explosive . | . Electromagnetic . | . Robot Hit Streak 6 | 6 Robot Miss Streak 4 | 4 Penetration Max . | . Secondary Targets 3 | 3 Max Gunslinging Chain 1 | 1 Shots Hit Robots 36 | 36 Core Hits 19 | 19 Critical Kills . | . Critical Parts Destroyed . | . Critical Strikes . | . Melee Attacks . | . Impact . | . Slashing . | . Piercing . | . Sneak Attacks . | . Combat Hostiles . | . Follow-up Attacks . | . Damage Inflicted 379 | 379 Guns 352 | 352 Cannons . | . Explosions . | . Melee . | . Ramming 27 | 27 Kinetic 274 | 274 Thermal 78 | 78 Explosive . | . Electromagnetic . | . Impact . | . Slashing . | . Piercing . | . Highest Corruption . | . Average Corruption . | . Corruption Purged . | . Corruption Blocked . | . Overload Shots . | . Overflow Damage . | . Projectiles . | . Explosions . | . Melee . | . Knockbacks . | . Impact . | . Kinetic . | . Secondary . | . Self-Inflicted Damage . | . Shots . | . Rammed 15 | 15 Targets Rammed 16 | 16 Kicked 1 | 1 Crushed . | . Highest Temperature 40 | 40 Average Temperature 23 | 23 Received Heat Transfer 240 | 240 Siege Activations . | . Martial Activations . | . Shielding Activations . | . Robots Disrupted . | . Combat Hostiles . | . Robots Corrupted . | . Combat Hostiles . | . Parts Fried . | . Impact Corruptions . | . Robots Melted . | . Combat Hostiles . | . Parts Melted . | . Heat Transferred 175 | 175 Parts Sabotaged . | . Parts Stolen . | . Parts Stripped . | . Power Chain Reactions . | . Alert | -11 ------- Run | Yrd Maximum Alert Level . | . Low Security (%) 100 | 100 Level 1 . | . Level 2 . | . Level 3 . | . Level 4 . | . Level 5 . | . High Security . | . Max Security . | . Peak Influence . | . Initial . | . Average . | . Influence Increases . | . Influence Decreases . | . Squads Dispatched . | . Investigation . | . Extermination . | . Reinforcement . | . Assault . | . Garrison . | . Intercept . | . Searches Triggered . | . Construction Impeded . | . Haulers Reinforced . | . Active Scanning Responses . | . Cargo Convoy Interrupts . | . Stealth | -11 --------- Run | Yrd Distress Signals . | . Communications Jammed . | . Distress Signals . | . Times Spotted 12 | 12 Peak Tracking Total 5 | 5 Tactical Retreats 2 | 2 Traps | -11 ------- Run | Yrd Traps Triggered . | . Indirectly . | . Trap Hack Attempts . | . Triggered . | . Disarmed . | . Reprogrammed . | . Reused . | . Traps Extracted . | . Installed . | . Triggered . | . Machines | -11 ---------- Run | Yrd Machines Disabled . | . Max in Single Turn . | . Machines Repaired . | . Machines Dismantled . | . Machines Sabotaged . | . Overloaded Fab Kills . | . Hacking | -11 --------- Run | Yrd Machines Accessed . | . Terminals . | . Fabricators . | . Repair Stations . | . Recycling Units . | . Scanalyzers . | . Garrison Access . | . Total Hacks . | . Successful . | . Failed . | . Catastrophic . | . Database Lockouts . | . Manual . | . Terminals . | . Fabricators . | . Repair Stations . | . Recycling Units . | . Scanalyzers . | . Garrison Access . | . Terminal Hacks . | . Fabricator Hacks . | . Repair Station Hacks . | . Recycling Unit Hacks . | . Scanalyzer . | . Garrison Access Hacks . | . Unauthorized Hacks . | . Terminals . | . Fabricators . | . Repair Stations . | . Recycling Units . | . Scanalyzers . | . Garrison Access . | . Data Cores Recovered . | . Used . | . Hacking Detections . | . Full Trace Events . | . Feedback Events . | . Feedback Blocked . | . Robot Schematics Acquired . | . Robots Built . | . Authchips . | . Time . | . Total Robot Build Rating . | . Part Schematics Acquired . | . Parts Built . | . Authchips . | . Time . | . Total Part Build Rating . | . Part Studies Acquired . | . Parts Repaired . | . Time . | . Parts Recycled . | . Recycled Matter . | . Retrieved Matter . | . Retrieved Components . | . Parts Scanalyzed . | . Part Schematics Acquired . | . Parts Damaged . | . Bothacking | -11 ------------ Run | Yrd Used RIF Installer . | . Robots Hacked . | . Non-combat . | . Combat . | . Robot Hacks Applied . | . Relay Couplers Released . | . Fabnet Peak Effective % . | . Robots Rewired . | . Allies Hacked . | . Hacks Repelled . | . Allies | -11 -------- Run | Yrd Total Allies . | . Largest Group . | . Highest-Rated Group . | . Highest-Rated Ally . | . Total Orders . | . Ally Attacks . | . Total Damage . | . Kills . | . Allies Corrupted . | . Allies Melted . | . Intel | -11 ------- Run | Yrd Active Infowar (turns) . | . Robot Analysis Total . | . Derelict Logs Recovered . | . Drone Launches . | . Drone Recoveries . | . Exploration | -11 ------------- Run | Yrd Turns Passed 3394 | 3394 Spaces Moved 368 | 368 Core 19 | 19 Treads 22 | 22 Legs 327 | 327 Wheels . | . Hover . | . Flight . | . Fastest Speed 50 | 50 Average Speed 118 | 118 Slowest Speed 160 | 160 Overloaded Moves . | . Propulsion Burnouts . | . Robots Hopped . | . Potential Cave-ins . | . Cave-ins Triggered . | . Exploration Rate (%) 37 | 37 Regions Visited . Branch Regions . Pre-discovered Areas . | . Known Exits Taken . | . Unknown Exits Taken . | . Scrap Searched . | . Spaces Dug . | . Terrain Destroyed . | . Melee . | . Projectile . | . AOE . | . Terrain Rammed . | . Walls Destroyed . | . Machines Disabled . | . Actions | -11 --------- Run | Yrd Total 3270 | 3270 Wait 2849 | 2849 Move 368 | 368 Hop . | . Pick Up . | . Fast Attach . | . Attach 3 | 3 Detach . | . Swap . | . Drop . | . Fire 34 | 34 Melee . | . Ram . | . Kick 1 | 1 Crush 15 | 15 Escape Stasis . | . Rewire . | . Trap . | . Miscellaneous . | . Route ------- -11/Scrapyard (discovered 1 exit: [*Mat]) History --------- Turn | Location | Event 51 | -11/Scrapyard | Discovered new exit (range 2) 2896 | -11/Scrapyard | Assembled infested the area 3295 | -11/Scrapyard | Core integrity fell below 50% 3331 | -11/Scrapyard | Lost 4 parts (2n2w) 3376 | -11/Scrapyard | Core integrity fell below 20% 3386 | -11/Scrapyard | Released all parts (2) 3395 | -11/Scrapyard | Destroyed by as-31657 with Assembled F-torch Last Messages --------------- 03282_ Aluminum Leg destroyed. 03283_ as-75247 destroyed. 03283_ Switching to secondary target: as-79658. 03286_ as-31967 destroyed. 03286_ Switching to secondary target: as-79658. 03292_ Assault Rifle destroyed. 03298_ as-79658 destroyed. 03300_ Aluminum Leg destroyed. 03322_ as-69065 destroyed. 03323_ Acquired 9 matter. 03325_ Acquired 20 matter. 03327_ Acquired 25 matter. 03344_ Lgt. Assault Rifle destroyed. 03345_ Slammed into as-69758. 03348_ Ion Engine destroyed. 03349_ Slammed into as-69758. 03373_ Slammed into as-25182. 03385_ Lgt. Treads destroyed. 03386_ Released Lgt. Treads. 03386_ Released Sml. Storage Unit. Map ----- +----------------------------------------------------+ | #?######???????????????????????? | | # ##??????????????????????? | | # #??????????????????????? | | #??????????????????????? | | # #??????????????????????? | | # ##??????????????????????? | | #?######???????????????????????? | | #? #???????????????????????? | | # # #?????????????????? | | # # #?????????????????? | | # #???????? ???????? | | # # #???????? ???????? | | # # #???????? ?? ??? ? | | ######## #???????# ?? # | | # # #???????# ?? ? # | | # #???????# ? # | | #== #?%= #???????? # # | | #!%* #?! #???????? %# # | | # ! #? #???????? # # | | # #? ????????? # | | ### ###### ###########a # | | = % # | | % %% % %= ## # # | | ##### ######=######## # | | %#? ?# ! ## # #? | | %## # ## # @ # | | ## # * # # | | ##= # !% # a | | ##%= # a # # | | ##! # # ! # | | ##%###### # % % # | | ###=?????# ## # # | | ?? %?????########### # # | | ?? =???????????????? # # ######## | | ??##??????????????? # ####??????? | | ??????????????????? ?# #?????????? | | ?????????????????? ?? #?????????? | | ????????????????? ??? #?????????? | | ????????????????? ???? #?????????? | | ?????????????????????? #?????????? | | ?????????????????????? ??????????? | | ?????????????????????? ??????????? | | ?????????????????????????????????? | | ?????????????????????????????????? | | ?????????????????????????????????? | | ?????????????????????????????????? | | ?????????????????????????????????? | | ?????????????????????????????????? | | ?????????????????????????????????? | | ?????????????????????????????????? | +----------------------------------------------------+ Best States ------------- Heat Dissipation 25 Energy Generation 10 Energy Capacity 250 Matter Stores 300 Matter Capacity 300 Sight Range 16 Terrain Scan Density 10 Evasion (%) 55 Recoil Reduction 2 Item Schematics ----------------- None Robot Schematics ------------------ None Fabricated ------------ Nothing Repaired ---------- Nothing Studied --------- None Alien Tech Used ----------------- None Achievements -------------- None Challenges ------------ None Game ------ Seed ChargeDeuteriumInitializer Manual? 0 Play Time 00:08:58 Cumulative 267.7 hours Start 2026.01.05 @ 15:31:54 End 2026.01.05 @ 15:36:24 Sessions 0 Manual Loads 0 Difficulty Rogue Special Mode None Game No. 342 Rogue 341 Adventurer 1 Explorer 0 Win Type - Total 2 Types 1/0/0/1/0/0/0/0/0/0 Lore% 73 Gallery% 67 Achievement% 56 Wizard Run 0 Options --------- Layout 0 ASCII 0 Keyboard 0 Movement Numpad Keybinds 0 Fullscreen 1 Font 24/Smallcaps Map View 76x50 Zoom Use 0% Tactical HUD 1 Map Filters NONE Filters NONE Steam 1 RUN: f79f73fb-ebed-4dc9-a8f8-ce88a989c441